 Dungeon Crawl Stone Soup version 0.29.1-1-gd02db6906a (webtiles) character file.

Game seed: 11371125814006851223

40 Hadkhar the Shooter (level 3, 0/21 HPs)
             Began as a Kobold Arcane Marksman on Oct 8, 2022.
             Slain by an orc wizard
             ... wielding a +0 dagger
              (2 damage)
             ... on level 3 of the Dungeon.
             The game lasted 00:04:43 (2135 turns).

Hadkhar the Shooter (Kobold Arcane Marksman)        Turns: 2135, Time: 00:04:43

Health: 0/21       AC:  4    Str:  7    XL:     3   Next: 72%
Magic:  4/4        EV: 15    Int: 14    God:
Gold:   142        SH:  0    Dex: 17    Spells: 3/4 levels left

rFire   . . .      SeeInvis .   a - +1 sling
rCold   . . .      Faith    .   (no shield)
rNeg    . . .      Spirit   .   c - +0 robe
rPois   .          Reflect  .   (no helmet)
rElec   .          Harm     .   (no cloak)
rCorr   .          Rampage  .   m - +0 pair of gloves
Will    .....                   r - +0 pair of boots
Stlth   +++.......              (no amulet)
HPRegen 0.07/turn               (no ring)
MPRegen 0.09/turn               (no ring)

@: no status effects
A: small, no large weapons, nightstalker 3
a: no special abilities


You were on level 3 of the Dungeon.
You visited 1 branch of the dungeon, and saw 3 of its levels.

You collected 142 gold pieces.

Inventory:

Hand Weapons
 a - a +1 sling (weapon)
Armour
 c - a +0 robe (worn)
 m - a +0 pair of gloves (worn)
 r - a +0 pair of boots (worn)
Jewellery
 o - a ring of see invisible
Scrolls
 b - a scroll of poison
 e - a scroll of identify {unknown}
 f - 2 scrolls of immolation {unknown}
 g - 2 scrolls of teleportation {unknown}
 h - a scroll of vulnerability {unknown}
 j - a scroll of fog {unknown}
 n - a scroll of torment {unknown}
Potions
 d - a potion of heal wounds {unknown}
 i - a potion of attraction {unknown}
 k - 2 potions of might {unknown}
 l - a potion of haste {unknown}
 p - a potion of degeneration {unknown}
 q - a potion of brilliance {unknown}
 s - a potion of magic {unknown}


   Skills:
 + Level 2.0 Fighting
 + Level 3.4 Ranged Weapons
 + Level 3.1 Dodging
 + Level 2.0 Stealth
 - Level 1.1 Spellcasting
 - Level 3.0 Hexes


You had 3 spell levels left.
You knew the following spells:

 Your Spells              Type           Power      Damage    Failure   Level
a - Slow                  Hex            36%        N/A       8%          1

Your spell library contained the following spells:

 Spells                   Type           Power      Damage    Failure   Level
 Inner Flame              Hex/Fire       4%         N/A       38%         3
 Portal Projectile        Hex/Tloc       8%         N/A       38%         3
 Cause Fear               Hex            4%         N/A       58%         4


Dungeon Overview and Level Annotations

Branches:
Dungeon (3/15)

Altars:


Innate Abilities, Weirdness & Mutations

You are small and have problems with some larger weapons.
You are completely attuned to the shadows.


Message History

No target in view!
You start resting.
HP restored.
Found a stone staircase leading down.
Found a club.
You see here a +0 club.
Things that are here:
a +0 whip; a kobold skeleton You see here 7 stones.
Done exploring.
Done exploring.
There is a stone staircase leading down here.
You climb downwards.
There is a stone staircase leading up here.
Found a stone staircase leading down.
An orc comes into view. It is wielding a +0 dagger.
An orc wizard comes into view. It is wielding a +0 dagger.
The orc shouts!
The orc wizard shouts!
You shoot a sling bullet. The sling bullet hits the orc.
The orc is lightly wounded.
You hear a shout!
An orc priest comes into view. It is wielding a +0 club.
The orc wizard casts a spell at you.
You are confused.
The orc priest casts a cantrip, but nothing happens.
The orc barely misses you. The orc hits you with a +0 dagger.
The orc priest looks braver for a moment.
The orc attacks as you move away! The orc hits you but does no damage.
The orc wizard attacks as you move away!
The orc wizard closely misses you.
You feel less confused. The orc hits you with a +0 dagger.
The orc wizard hits you with a +0 dagger.
The orc priest invokes the aid of Beogh against you.
Beogh smites you!
Ouch! That really hurt!
* * * LOW HITPOINT WARNING * * *
The orc wizard hits you with a +0 dagger.
You die...

.#.....##
#.........
#.........
#.........
#.........
#..o...>..
###.........
.#...oo.....#
...#@........
....<........
.###........
#.......
#.......
##....


You could see an orc priest, an orc wizard and an orc.

Vanquished Creatures
  2 dart slugs (D:2)
  3 endoplasms
  A giant cockroach (D:2)
  3 goblins
  4 hobgoblins
  3 jackals (D:2)
  A quokka (D:1)
  6 ball pythons
  4 bats
  A frilled lizard (D:1)
  3 kobolds
  2 rats (D:1)
33 creatures vanquished.

Notes
Turn   | Place    | Note
-------+----------+-------------------------------------------
     0 | D:1      | Hadkhar the Kobold Arcane Marksman began the quest for the
                  | Orb.
     0 | D:1      | Reached XP level 1. HP: 12/12 MP: 2/2
   399 | D:1      | Reached XP level 2. HP: 16/16 MP: 3/3
   408 | D:1      | Reached skill level 1 in Stealth
   587 | D:1      | Found a faded altar of an unknown god.
  1107 | D:2      | Reached XP level 3. HP: 21/21 MP: 4/4
  2135 | D:3      | Slain by an orc wizard

Illustrated notes

Levels and vault maps discovered:
D:1:      dpeg_arrival_erosion, layout_basic,
          shapermc_ecumenical_altar_mp_ritualfount
D:2:      layout_loops_cross, minmay_tall_x
D:3:      layout_rooms, grunt_temple_overflow_open, serial_shops,
          nicolae_shop_temple_entry_statues_fountains,
          corexii_item_surrounded_by_moat

Skill      XL: |  1  2  3 |
---------------+----------+-----
Ranged Weapons | 3 |  3.4
Stealth        | 1 2 |  2.0
Dodging        | 3 |  3.1
Fighting       | 2 |  2.0
Spellcasting   | |  1.1
Hexes          | |  3.0

Action                   || total
-------------------------++-------
 Fire: Sling             ||   105
 Cast: Slow              ||     1
Armor: Robe              ||    17
Dodge: Dodged            ||    69
